Map: 데스오라 - 래더

Players

INnoVation

  • Race: Terran Terran
  • League: Grandmaster
  • Spawn Location: 11:00

Solar - Winner!

  • Race: Zerg Zerg
  • League: Master
  • Spawn Location: 5:00

Event: StayAtHome Story Cup #3

VOD

Have the link to the VOD?

Description

Time

  • Played on: March 11, 2021, 11:05 a.m.
  • Length: 14:24

All games in this series

Show
View Real Time Build Order
Export as new Build Order

INnoVation Terran 

Build Orders: Hellion Opening, Reaper Expand 

Get SALT Encoding   

  12  0:00  SCV  
  13  0:13  SCV  
  14  0:17  Supply Depot  
  14  0:25  SCV  
  15  0:38  SCV  
  15  0:39  Barracks  
  16  0:43  Refinery  
  16  0:50  SCV  
  17  1:02  SCV  
  18  1:15  SCV  
  19  1:26  Reaper  
  19  1:27  Orbital Command  
  20  1:38  Command Center  
  20  1:48  Supply Depot  
  20  1:52  SCV  
  21  1:58  Marine  
  22  2:04  SCV  
  23  2:11  Factory  
  23  2:16  SCV  
  23  2:20  Barracks Reactor  
  24  2:29  SCV  
  25  2:38  Command Center  
  25  2:41  SCV  
  26  2:50  Orbital Command  
  26  2:53  SCV  
  27  2:59  Starport  
  27  3:04  Refinery  
  27  3:05  SCV  
  28  3:11  Hellion  
  30  3:13  Hellion  
  30  3:17  SCV  
  30  3:18  SCV  
  30  3:19  Barracks Tech Lab  
  34  3:29  SCV  
  34  3:30  SCV  
  34  3:33  Hellion  
  38  3:34  Hellion  
  38  3:37  Viking  
  38  3:41  SCV  
  43  3:42  SCV  
  44  3:50  Orbital Command  
  44  3:52  Stimpack  
  44  3:53  SCV  
  44  3:54  SCV  
  46  3:57  Hellion  
  46  3:59  Hellion  
  50  4:05  Supply Depot  
  50  4:09  Medivac  
  52  4:12  SCV x2, Orbital Command  
  54  4:18  Hellion  
  54  4:19  Marine  
  54  4:20  Hellion  
  59  4:24  SCV x2  
  59  4:28  Supply Depot  
  61  4:36  SCV x2, Marine  
  61  4:37  SCV  
  65  4:41  Starport Reactor  
  65  4:48  Barracks  
  65  4:49  SCV x2, Barracks  
  65  4:50  SCV  
  65  4:52  Factory Tech Lab  
  68  4:53  Engineering Bay  
  68  4:54  Marine, Engineering Bay  
  68  4:55  Supply Depot  
  69  5:02  SCV x2  
  69  5:03  SCV  
  69  5:07  Refinery  
  72  5:08  Refinery  
  73  5:14  SCV x2  
  73  5:15  SCV  
  73  5:17  Supply Depot  
  78  5:23  Marine  
  78  5:26  SCV x2  
  78  5:27  Starport Reactor  
  78  5:28  Terran Infantry Armor Level 1, Terran Infantry Weapons Level 1  
  78  5:29  SCV  
  78  5:33  Siege Tank  
  82  5:38  SCV x2  
  82  5:39  Barracks  
  82  5:41  SCV  
  82  5:42  Barracks  
  85  5:46  Combat Shield  
  85  5:47  Supply Depot  
  85  5:48  Supply Depot  
  85  5:50  SCV x2  
  85  5:52  Marine x2  
  85  5:53  Marine x2  
  85  5:55  SCV  
  92  6:02  SCV  
  93  6:05  Supply Depot  
  93  6:06  Supply Depot  
  93  6:08  Medivac  
  93  6:09  SCV, Siege Tank  
  99  6:14  Marine, Medivac  
  99  6:15  Marine x2  
  99  6:16  Marine x2  
  106  6:21  SCV x2  
  106  6:22  SCV, Supply Depot  
  107  6:28  Barracks Reactor  
  107  6:29  Armory  
  107  6:31  Barracks Reactor  
  107  6:32  Marine x2  
  107  6:33  Marine  
  107  6:34  Marine x2  
  107  6:35  SCV x2  
  107  6:36  SCV  
  115  6:43  Siege Tank  
  115  6:45  Refinery  
  115  6:46  Refinery  
  118  6:50  Marine x3, Supply Depot  
  118  6:51  Marine  
  118  6:52  SCV x3, Marine  
  126  6:54  Factory  
  126  7:01  Supply Depot  
  126  7:02  Supply Depot  
  126  7:04  Supply Depot  
  126  7:08  Marine  
  124  7:10  Marine x7  
  124  7:11  Marine  
  124  7:14  SCV  
  121  7:16  SCV x2  
  121  7:17  Command Center  
  123  7:23  Terran Infantry Armor Level 2  
  123  7:24  Terran Infantry Weapons Level 2  
  123  7:34  Widow Mine, Drilling Claws  
  123  7:37  Marine x4, Medivac  
  127  7:38  Marine x3  
  134  7:51  Marine x2  
  125  7:55  Marine x2, Factory Reactor, Medivac  
  125  7:58  Marine x5  
  133  8:07  Medivac  
  133  8:09  Marine x2  
  133  8:11  Widow Mine  
  139  8:13  Marine  
  140  8:22  Barracks  
  140  8:24  SCV x3, Barracks, Terran Vehicle And Ship Armor Level 1  
  140  8:26  Barracks  
  143  8:27  Concussive Shells  
  143  8:31  Medivac  
  143  8:32  Widow Mine  
  142  8:37  Medivac  
  142  8:41  SCV x2  
  146  8:44  Widow Mine  
  146  8:45  Widow Mine  
  146  8:46  Marauder, Marine x8  
  160  8:51  Planetary Fortress  
  160  8:54  Widow Mine  
  162  9:03  Marine  
  162  9:04  Marine x7, Supply Depot x2  
  162  9:07  Marauder, Medivac x2  
  177  9:15  Widow Mine  
  179  9:21  Marine  
  168  9:30  Factory Tech Lab, Factory  
  166  9:32  Refinery, Command Center  
  166  9:33  Refinery  
  166  9:36  Siege Tank  
  166  9:38  Barracks Tech Lab, Marauder  
  171  9:39  Barracks Tech Lab x2, Marine  
  171  9:40  Marine x7  
  179  9:52  Medivac x2  
  183  9:57  Marine  
  183  9:59  Marauder, Siege Tank  
  184  10:08  Siege Tank  
  181  10:16  Factory Tech Lab  
  181  10:18  Terran Infantry Weapons Level 3  
  181  10:19  Terran Vehicle Weapons Level 1  
  181  10:21  Marine x9  
  181  10:22  Ghost Academy  
  181  10:23  Terran Infantry Armor Level 3  
  190  10:31  Siege Tank  
  193  10:38  Siege Tank  
  196  10:43  Siege Tank  
  196  10:44  Sensor Tower  
  196  10:45  Command Center  
  196  10:47  Command Center  
  197  11:02  Marauder  
  199  11:04  Marauder x3  
  198  11:15  Siege Tank x2  
  198  11:16  Marine x2  
  198  11:18  Planetary Fortress  
  198  11:23  Marauder  
  200  11:34  Personal Cloaking  
  200  11:37  Ghost, Command Center  
  200  11:38  Ghost x2  
  196  11:42  Sensor Tower  
  196  11:45  Marine x5  
  196  11:46  Ghost  
  192  11:50  Marine x2  
  192  11:51  Marine  
  192  11:53  SCV x3  
  192  11:54  SCV, Command Center  
  188  12:06  Ghost x2  
  184  12:13  Medivac  
  184  12:14  Medivac  
  188  12:16  Ghost x2  
  188  12:17  Command Center  
  188  12:22  Marine  
  192  12:23  Marine x4  
  192  12:26  SCV  
  192  12:27  SCV x2  
  192  12:28  SCV x2  
  199  12:34  Ghost  
  199  12:35  Ghost  
  179  12:49  Ghost x2  
  179  12:50  Marine x6  
  171  12:52  Siege Tank x2  
  171  12:55  SCV x3  
  171  12:56  Sensor Tower  
  181  12:59  Orbital Command  
  181  13:03  Ghost  
  171  13:06  Siege Tank  
  171  13:11  Medivac  
  171  13:12  Supply Depot  
  171  13:20  Marauder x3  
  171  13:21  Marine  
  171  13:24  Siege Tank x2  
  180  13:40  Refinery  
  180  13:41  Refinery  
  180  13:42  Supply Depot  
  180  13:43  Supply Depot  
  180  13:45  Supply Depot  
  180  13:49  Missile Turret  
  180  13:52  SCV x3  
  161  14:05  Marine  
  161  14:06  Marine x5  
Show
View Real Time Build Order
Export as new Build Order

Solar Zerg - Winner!

Build Orders: Hatch First, Lurkers 

Get SALT Encoding   

  12  0:00  Drone  
  13  0:12  Overlord  
  13  0:16  Drone  
  14  0:31  Drone x2  
  16  0:47  Hatchery  
  15  0:50  Drone  
  15  0:53  Drone  
  17  0:57  Drone  
  18  1:08  Extractor  
  17  1:12  Spawning Pool  
  17  1:15  Drone  
  17  1:19  Drone  
  18  1:28  Drone  
  19  1:40  Drone  
  20  1:51  Drone  
  21  1:59  Queen x2  
  21  2:00  Zergling x4  
  27  2:10  Overlord  
  27  2:11  Drone  
  28  2:20  Hatchery  
  27  2:23  Drone  
  27  2:29  Drone  
  29  2:34  Queen  
  31  2:38  Metabolic Boost  
  31  2:43  Drone  
  32  2:47  Overlord  
  32  2:50  Drone  
  33  2:52  Drone  
  33  2:57  Drone x2  
  36  3:06  Drone x2  
  36  3:07  Drone x3  
  41  3:15  Queen  
  43  3:20  Pneumatized Carapace  
  43  3:23  Overlord  
  43  3:25  Drone  
  44  3:28  Overlord  
  44  3:34  Queen  
  44  3:35  Drone  
  44  3:40  Drone x2  
  49  3:42  Drone  
  49  3:43  Drone x2  
  49  3:44  Drone  
  49  3:45  Drone  
  54  3:48  Zergling x2  
  54  3:52  Zergling x2  
  54  3:55  Queen  
  58  3:56  Overlord  
  58  3:58  Zergling x2  
  58  4:00  Drone  
  58  4:02  Drone  
  61  4:03  Drone  
  61  4:05  Drone  
  63  4:11  Overlord  
  63  4:12  Drone x3  
  63  4:14  Queen  
  68  4:18  Spore Crawler  
  68  4:19  Extractor  
  68  4:23  Overlord  
  66  4:26  Overlord  
  66  4:30  Spore Crawler  
  65  4:34  Drone x4  
  65  4:35  Zergling x2  
  65  4:36  Evolution Chamber x2  
  68  4:39  Zergling x4  
  68  4:41  Zergling x2  
  68  4:43  Drone x2  
  68  4:45  Zergling x2  
  74  4:47  Drone x3  
  74  4:48  Drone  
  74  4:51  Overlord  
  78  4:54  Overlord  
  78  4:57  Drone  
  79  5:01  Overlord  
  79  5:02  Zerg Ground Armor Level 1  
  79  5:04  Drone x2  
  79  5:05  Drone  
  81  5:07  Zerg Melee Weapons Level 1  
  81  5:08  Drone  
  81  5:09  Drone  
  81  5:12  Drone  
  84  5:14  Extractor  
  84  5:18  Drone  
  84  5:19  Hatchery  
  84  5:21  Drone x2  
  85  5:23  Zergling x4  
  86  5:28  Lair  
  86  5:29  Drone x2  
  86  5:32  Drone  
  86  5:33  Drone  
  86  5:35  Overlord  
  90  5:36  Drone  
  90  5:38  Zergling x2  
  90  5:42  Extractor, Drone x2  
  93  5:43  Drone, Extractor  
  93  5:45  Drone x2, Baneling Nest  
  94  5:51  Drone x3  
  94  5:52  Drone  
  94  5:56  Zergling x2  
  99  5:58  Overlord  
  99  6:02  Zergling x2  
  100  6:07  Zergling x2  
  100  6:15  Zergling x10  
  104  6:18  Zergling x2  
  104  6:19  Zergling x4  
  104  6:20  Zergling x8  
  104  6:22  Zergling x2  
  112  6:27  Drone  
  112  6:29  Centrifical Hooks  
  112  6:30  Baneling x6  
  112  6:31  Baneling x4, Queen  
  112  6:32  Drone  
  116  6:33  Drone, Hatchery  
  116  6:34  Drone  
  116  6:39  Zergling x8, Overseer  
  121  6:43  Zergling x6  
  124  6:49  Drone  
  124  6:53  Zergling x8  
  129  6:56  Overlord  
  129  6:57  Zergling x4  
  130  7:04  Zergling x10  
  130  7:05  Overlord  
  130  7:08  Overlord  
  132  7:12  Zerg Ground Armor Level 2  
  132  7:13  Zerg Melee Weapons Level 2  
  132  7:16  Zergling x12  
  132  7:17  Zergling x6  
  141  7:23  Extractor  
  141  7:27  Hydralisk Den  
  141  7:28  Zergling x10, Infestation Pit  
  142  7:31  Drone x3  
  142  7:34  Drone x2  
  147  7:40  Zergling x6  
  147  7:43  Hatchery  
  143  7:45  Zergling x8  
  143  7:51  Zergling x10  
  139  7:53  Drone x2  
  139  7:56  Drone x5  
  139  7:57  Extractor  
  144  8:02  Overlord  
  144  8:04  Lurker Den  
  143  8:06  Grooved Spines  
  143  8:07  Baneling x5  
  143  8:08  Baneling  
  143  8:09  Drone x4  
  147  8:13  Hydralisk x2  
  147  8:17  Baneling  
  147  8:18  Baneling x2  
  151  8:20  Zergling x12  
  151  8:25  Zergling x4  
  151  8:26  Zergling x4  
  161  8:28  Overlord  
  161  8:31  Hydralisk x4  
  161  8:32  Zergling x2  
  168  8:35  Zergling x2  
  168  8:36  Zergling x4  
  171  8:43  Drone  
  171  8:44  Drone x2, Hive  
  171  8:45  Spore Crawler  
  171  8:46  Overlord x3  
  173  8:50  Zergling x8  
  173  8:53  Hydralisk  
  179  8:56  Baneling x2  
  179  8:57  Zergling x2  
  179  8:58  Zergling x4  
  179  8:59  Zergling x4  
  179  9:01  Zergling x4  
  179  9:02  Zergling x2  
  187  9:12  Baneling x2  
  187  9:13  Zergling x12  
  188  9:17  Muscular Augments  
  188  9:19  Hydralisk x5  
  188  9:21  Drone x2  
  199  9:29  Overlord x2  
  199  9:35  Spore Crawler  
  199  9:37  Baneling x8  
  198  9:40  Baneling x7  
  198  9:42  Zergling x4  
  200  9:56  Zergling x6  
  199  10:00  Baneling  
  199  10:01  Zerg Missile Weapons Level 1, Zerg Ground Armor Level 3  
  199  10:02  Seismic Spines, Adrenal Glands  
  199  10:03  Hatchery  
  194  10:08  Overseer  
  194  10:13  Zergling x30  
  194  10:14  Zergling x4  
  200  10:20  Extractor  
  197  10:21  Viper  
  197  10:22  Spore Crawler  
  197  10:23  Spore Crawler  
  196  10:34  Baneling x4  
  195  10:38  Baneling x19  
  195  10:51  Lurker x2  
  195  10:52  Zergling x4  
  197  10:59  Extractor, Adaptive Talons, Drone x3  
  197  11:00  Drone x2  
  187  11:19  Lurker x4  
  187  11:23  Zergling x2  
  187  11:24  Zergling x16  
  200  11:25  Baneling  
  200  11:26  Baneling x2  
  200  11:43  Zergling x2  
  200  11:44  Zergling x4  
  200  11:45  Zergling x2  
  196  11:55  Baneling  
  196  11:56  Baneling x3  
  196  11:59  Zergling x16  
  196  12:00  Baneling x3  
  196  12:01  Baneling  
  198  12:03  Hydralisk x3  
  198  12:06  Hydralisk  
  192  12:10  Hydralisk x4  
  192  12:11  Zergling x6  
  199  12:34  Hatchery x2  
  199  12:36  Zergling x10  
  176  12:45  Hydralisk x3  
  176  12:46  Zergling x16  
  176  12:47  Zergling x24  
  176  12:50  Lurker x6  
  196  12:54  Overlord  
  196  12:57  Zergling x2  
  196  12:58  Overseer  
  197  12:59  Overlord  
  197  13:01  Overlord  
  197  13:04  Overlord  
  196  13:06  Overlord  
  196  13:11  Zergling x2  
  196  13:12  Zergling x6  
  187  13:15  Zergling x6  
  187  13:16  Baneling x18  
  186  13:21  Zergling x4  
  185  13:29  Zergling x6  
  185  13:34  Zergling x4  
  190  13:38  Zergling x6  
  193  13:42  Zergling x4  
  195  13:48  Zergling x2  
  195  13:49  Zergling x8  
  195  13:52  Zergling x16  
  198  13:57  Overseer  
  198  13:59  Zergling x12  
Tags
 
Add a new tag
Caveats
  • Supply blocks, unpowered buildings, or Contaminate may cause inaccurate times.
  • Supply counts are checked every 10 seconds.